 Dungeon Crawl Stone Soup version 0.27-a0-951-gae3e1deef5 (webtiles) character file.

Game seed: 10689100736256133034

28 gruber the Cudgeller (level 3, -4/23 HPs)
             Began as a Gargoyle Fighter on Apr 11, 2021.
             Slain by Sigmund
             ... wielding a +0 scythe
              (7 damage)
             ... on level 2 of the Dungeon.
             The game lasted 00:01:00 (563 turns).

gruber the Cudgeller (Gargoyle Fighter)              Turns: 563, Time: 00:01:01

Health: -4/23      AC: 10    Str: 20    XL:     3   Next: 12%
Magic:  3/3        EV:  7    Int:  8    God:
Gold:   119        SH:  9    Dex:  9    Spells: 2/2 levels left

rFire    . . .     SeeInvis .   a - +0 flail
rCold    . . .     Faith    .   c - +0 kite shield
rNeg     + . .     Spirit   .   b - +0 scale mail
rPois    ∞         Reflect  .   (no helmet)
rElec    +         Harm     .   (no cloak)
rCorr    .         Rampage  .   (no gloves)
Will     .....                  (no boots)
Stlth    ..........             (no amulet)
HPRegen  0.07/turn              (no ring)
MPRegen  0.08/turn              (no ring)

@: no status effects
A: AC +3, negative energy resistance 1, electricity resistance, torment
resistance 1, unbreathing 1, petrification resistance
a: no special abilities


You were on level 2 of the Dungeon.
You visited 1 branch of the dungeon, and saw 2 of its levels.

You collected 119 gold pieces.

Inventory:

Hand Weapons
 a - a +0 flail (weapon)
Armour
 b - a +0 scale mail (worn)
 c - a +0 kite shield (worn)
Scrolls
 e - a scroll of enchant armour {unknown}
 f - 3 scrolls of enchant weapon {unknown}
Potions
 d - a potion of might


   Skills:
 - Level 3.2 Fighting
 + Level 3.5 Maces & Flails
 - Level 3.2 Armour
 - Level 3.2 Shields


You had 2 spell levels left.
You didn't know any spells.
Your spell library was empty.

Dungeon Overview and Level Annotations

Branches:
Dungeon (1/15)

Altars:

Shops:
D:1 (   D:2 *

Annotations:
D:2 Sigmund


Innate Abilities, Weirdness & Mutations

Your stone body is resilient. (AC +3)
You are immune to poison.
You resist negative energy. (rN+)
You are resistant to electric shocks. (rElec)
You are resistant to unholy torment.
You can survive without breathing.
You are immune to petrification.


Message History

The endoplasm is heavily wounded.
The endoplasm barely misses you.
You hit the endoplasm.
The endoplasm is almost dead.
The endoplasm hits you.
You sock the endoplasm!
You kill the endoplasm!
No target in view!
No target in view!
No target in view!
No target in view!
No target in view!
HP restored.
Found a leather armour.
Found Xuhud's General Store.
Found an escape hatch in the ceiling.
There is an open door here.
There is an entrance to Xuhud's General Store here.
f - 3 scrolls labelled RAVVIXZEODGH You open the door.
There is an open door here.
Sigmund the Dreaded comes into view.
He is wielding a +0 scythe.
Sigmund is nearby!
An adder comes into view.
Sigmund drinks a potion.
Sigmund flickers and vanishes!
Deactivating autopickup; reactivate with Ctrl-A.
The adder hisses angrily.
Something hits you.
No target in view!
No target in view!
No target in view!
Something hits you. Something hits you. Something hits you.
Something hits you but does no damage. The adder bites you but does no damage.
Something hits you.
You closely miss the adder. You block the adder's attack. Something hits you.
* * * LOW HITPOINT WARNING * * *
You block the adder's attack.
You closely miss the adder. You block the adder's attack. Something hits you!
You die...

### .. ... ######.# ..#
#......# #8# #......# #.#
#......# #<# #
#......###.##### .#
#......#..∩....#######.###.#
†..†...+.......'@S{.#......#
####...#..8....####....#
≈≈≈#...'....................
..≈#...#.......#####..######
≈.≈###.######### ##.# ≈§§#
#.# .. §§§# #.# #.# §.§# [..
.. ≈§≈# ... #.#


You could see an adder.

Vanquished Creatures
  A gnoll (D:1)
  2 dart slugs
  A ball python (D:1)
  An endoplasm (D:2)
  A goblin (D:2)
  A hobgoblin (D:2)
  4 jackals (D:1)
  2 rats
13 creatures vanquished.

Notes
Turn   | Place    | Note
-------+----------+-------------------------------------------
     0 | D:1      | gruber the Gargoyle Fighter began the quest for the Orb.
     0 | D:1      | Reached XP level 1. HP: 14/14 MP: 1/1
   108 | D:1      | Reached XP level 2. HP: 19/19 MP: 2/2
   135 | D:1      | Found Rosedgha's Weapon Emporium.
   389 | D:1      | You fall into a shaft and drop 1 floor!
   406 | D:2      | Reached XP level 3. HP: 16/23 MP: 3/3
   532 | D:2      | Found Xuhud's General Store.
   549 | D:2      | Noticed Sigmund
   563 | D:2      | Slain by Sigmund

Illustrated notes

Levels and vault maps discovered:
D:1:      sevenhm_arrival_forest_fort_large_2, layout_basic, serial_shops,
          shop_coins, basic_ecumenical_altar, chequers_serial_rivers_room_b,
          minmay_tetromino_o4
D:2:      layout_basic, basic_altar, serial_shops, shop_statue, shop,
          nicolae_shop_window_shopping, kennysheep_generic_room_11, uniq_sigmund

Skill      XL: |  1  2 |
---------------+-------+-----
Maces & Flails | 3 |  3.5
Fighting       | |  3.2
Armour         | |  3.2
Shields        | |  3.2

Action                   || total
-------------------------++-------
Melee: Flail             ||    47
Armor: Scale mail        ||    25
Dodge: Dodged            ||    11
Block: Kite shield       ||    30

Table legend: (Time is in decaauts)
 A = Elapsed time spent in this place.
 B = Non-inter-level travel time spent in this place.
 C = Inter-level travel time spent in this place.
 D = Time resting spent in this place.
 E = Time spent auto-exploring this place.
 F = Levels seen in this place.
 G = Mean time per level.
                   A        B        C        D        E       F      G
               +--------+--------+--------+--------+--------+-----+--------+
         Total |    584 |    584 |      0 |      0 |    477 |   2 |  292.0 |
       Dungeon |    584 |    584 |      0 |      0 |    477 |   2 |  292.0 |
               +--------+--------+--------+--------+--------+-----+--------+

Top non-repeatable levels by time:
     D:1: 401 daAuts
     D:2: 183 daAuts
